 Dungeon Crawl Stone Soup version 0.31-a0-188-g5e087ee2ca (webtiles) character file.

Game seed: 17368278067366964200

39 qw the Shooter (level 3, 0/20 HPs)
             Began as a Deep Elf Hunter on June 22, 2023.
             Frozen to death by an endoplasm (2 damage)
             ... on level 1 of the Dungeon.
             The game lasted 00:00:30 (873 turns).

qw the Shooter (Deep Elf Hunter)                     Turns: 873, Time: 00:00:31

Health: 0/20       AC:  5    Str: 10    XL:     3   Next: 28%
Magic:  5/5        EV: 11    Int: 13    God:
Gold:   34         SH:  0    Dex: 18    Spells: 2/2 levels left

rFire   . . .        Y - +0 shortbow
rCold   . . .        (shield currently unavailable)
rNeg    . . .        i - +0 ring mail
rPois   .            (no helmet)
rElec   .            (no cloak)
rCorr   .            (no gloves)
SInv    .            (no boots)
Will    .....        (no amulet)
Stlth   +            (no ring)
HPRegen 0.23/turn    (no ring)
MPRegen 0.09/turn

%: no passive effects
@: no status effects
A: no striking features
a: no special abilities


You were on level 1 of the Dungeon.
You visited 1 branch of the dungeon, and saw 2 of its levels.

You collected 34 gold pieces.


   Skills:
 - Level 1.5 Fighting
 + Level 6.9 Ranged Weapons
 - Level 2.4 Dodging
 - Level 1.2 Stealth


You had 2 spell levels left.
You didn't know any spells.
Your spell library was empty.

Inventory:

Hand Weapons
 Y - a +0 shortbow (weapon)
Armour
 i - a +0 ring mail (worn)
Scrolls
 a - a scroll of identify
Potions
 e - a potion of heal wounds {unknown}
 h - a potion of degeneration {unknown}

Dungeon Overview and Level Annotations

Branches:
Dungeon (2/15)

Altars:


Message History

The arrow hits the dart slug!
You kill the dart slug!
The bat closely misses you.
The ball python bites you but does no damage.
The ball python misses you.
You shoot an arrow. The arrow hits the ball python.
You kill the ball python!
The bat hits you but does no damage.
A kobold comes into view. It is wielding a +0 dagger.
The endoplasm hits you but does no damage.
The hobgoblin barely misses you.
You shoot an arrow. The arrow hits the bat.
You kill the bat!
The endoplasm completely misses you. The hobgoblin barely misses you.
You shoot an arrow.
The arrow hits the endoplasm but does no damage.
The endoplasm freezes you.
You are frozen.
The hobgoblin closely misses you. The endoplasm freezes you.
You are frozen.
869 ||| STAIRDANCE The endoplasm freezes you.
You are frozen.
The endoplasm freezes you.
You are frozen.
The hobgoblin barely misses you.
You climb upwards.
There is a stone staircase leading down here.
You shoot an arrow.
The arrow hits the endoplasm but does no damage.
The hobgoblin barely misses you. The endoplasm barely misses you. x2
You shoot an arrow. The arrow hits the endoplasm.
The endoplasm is moderately wounded.
The endoplasm barely misses you. The endoplasm hits you.
The hobgoblin hits you.
You shoot an arrow. The arrow hits the endoplasm.
The endoplasm is heavily wounded.
The hobgoblin barely misses you.
The endoplasm hits you but does no damage.
The endoplasm freezes you.
You are frozen.
You die...

...................#....#########
...################........#
...### #..#####.# %....# ####..#
#.# #..#.### #.....# #.#
#....).##### #.###)# #.#
%..........# #.# #.# #.#
##.#.#.###.# #g# #.# #.#
##.%.#.###)#####@# #.# #.#
##.#...........JJ# #.# #.#
##.#.#.###.####### #.# #.#
##.#.#.# #.# #.# #.# ...#.#.# #.#
###.# ###.### ....#..# #.# #...#
#.....# ####:.####.#
#.#####.#...# .....#.....# #.#
#.).)#.##### ####..###### #.#
#.#.##+##^#Z


You could see 2 endoplasms and a hobgoblin.

Vanquished Creatures
  A dart slug (D:2)
  An endoplasm (D:1)
  A giant cockroach (D:1)
  4 goblins (D:1)
  4 hobgoblins (D:1)
  2 jackals (D:1)
  2 quokkas (D:1)
  5 ball pythons
  4 bats
  2 frilled lizards (D:1)
  6 kobolds (D:1)
  4 rats (D:1)
36 creatures vanquished.

Notes
Turn   | Place    | Note
-------+----------+-------------------------------------------
     0 | D:1      | qw the Deep Elf Hunter began the quest for the Orb.
     0 | D:1      | Reached XP level 1. HP: 12/12 MP: 3/3
     0 | D:1      | 0 ||| qw: Version: 0.3-a-9-g12657ce
     0 | D:1      | 0 ||| qw: Game counter: 2934
     0 | D:1      | 0 ||| qw: Always use a shield: true
     0 | D:1      | 0 ||| qw: God list: Okawaru
     0 | D:1      | 0 ||| qw: Allow faded altars: false
     0 | D:1      | 0 ||| qw: Do Orc after D:15 true
     0 | D:1      | 0 ||| qw: Do second Lair branch before Depths: true
     0 | D:1      | 0 ||| qw: Lair rune preference: random
     0 | D:1      | 0 ||| qw: Plans: Normal
     0 | D:1      | 0 ||| PLANNING D:1-11
     2 | D:1      | Noticed a merfolk zombie
     4 | D:1      | Noticed a merfolk zombie
     6 | D:1      | Noticed a minotaur zombie
    11 | D:1      | Noticed a merfolk zombie
   115 | D:1      | Reached XP level 2. HP: 16/16 MP: 4/4
   123 | D:1      | Reached skill level 6 in Ranged Weapons
   214 | D:1      | 214 ||| FLEEEEING.
   215 | D:1      | 215 ||| FLEEEEING.
   216 | D:1      | 216 ||| FLEEEEING.
   217 | D:1      | 217 ||| FLEEEEING.
   219 | D:1      | 219 ||| FLEEEEING.
   365 | D:1      | Reached XP level 3. HP: 20/20 MP: 5/5
   393 | D:1      | 393 ||| FLEEEEING.
   394 | D:1      | 394 ||| FLEEEEING.
   395 | D:1      | 395 ||| FLEEEEING.
   396 | D:1      | 396 ||| FLEEEEING.
   397 | D:1      | 397 ||| FLEEEEING.
   398 | D:1      | 398 ||| FLEEEEING.
   399 | D:1      | 399 ||| FLEEEEING.
   400 | D:1      | 400 ||| FLEEEEING.
   401 | D:1      | 401 ||| FLEEEEING.
   402 | D:1      | 402 ||| FLEEEEING.
   403 | D:1      | 403 ||| FLEEEEING.
   404 | D:1      | 404 ||| FLEEEEING.
   405 | D:1      | 405 ||| FLEEEEING.
   406 | D:1      | 406 ||| FLEEEEING.
   407 | D:1      | 407 ||| FLEEEEING.
   408 | D:1      | 408 ||| FLEEEEING.
   409 | D:1      | 409 ||| FLEEEEING.
   732 | D:1      | 732 ||| UPGRADING to +0 ring mail.
   742 | D:1      | 742 ||| DROPPING +0 leather armour.
   743 | D:1      | 743 ||| READING 2 scrolls labelled TONLUOS LAYVYFA.
   744 | D:1      | 744 ||| READING scroll labelled ERILUI MUDADA.
   745 | D:1      | 745 ||| READING 2 scrolls labelled LORON TEGA.
   746 | D:1      | 746 ||| DROPPING scroll of butterflies.
   747 | D:1      | 747 ||| DROPPING scroll of revelation.
   749 | D:1      | 749 ||| Stepping ~*~*~tactically~*~*~ (cloud).
   757 | D:1      | HP: 5/20 [poisoned by you (poison gas)]
   869 | D:2      | 869 ||| STAIRDANCE
   869 | D:2      | HP: 4/20 [frozen (5)]
   873 | D:1      | Frozen to death by an endoplasm

Levels and vault maps discovered:
D:1:      shiori_arrival_whats_in_store_for_you, layout_loops_ring,
          minmay_distorted
D:2:      layout_rooms, shapermc_ecumenical_altar_starsandcircs,
          corexii_corridor_pit

Skill      XL: |  1  2 |
---------------+-------+-----
Ranged Weapons | 6 |  6.9
Fighting       | |  1.5
Dodging        | |  2.4
Stealth        | |  1.2

Action                     || total
---------------------------++-------
   Fire: Shortbow          ||    89
    Use: Scroll            ||     3
 Armour: Leather armour    ||     4
         Ring mail         ||     4
  Dodge: Dodged            ||    28

Table legend:
 A = Non-vault XP
 B = Vault XP
 C = Vault XP percentage of total XP
 D = Non-vault monster count
 E = Vault monster count
 F = Vault count percentage of total count
                 A         B        C        D         E       F
            +---------+---------+-------+---------+---------+-------
      Total |      53 |       4 |   7.0 |      33 |       3 |   8.3
            +---------+---------+-------+---------+---------+-------
        D:1 |      46 |       4 |   8.0 |      30 |       3 |   9.1
        D:2 |       7 |       0 |   0.0 |       3 |       0 |   0.0
            +---------+---------+-------+---------+---------+-------
